 Dungeon Crawl Stone Soup version 0.31-a0-1002-g8e65716e6e (webtiles) character file.

Game seed: 14009696727415996318

137 Dirtsage the Insei (level 5, 0/34 HPs)
             Began as an Octopode Shapeshifter on Nov 9, 2023.
             Slain by a gnoll sergeant
             ... wielding a +1 heavy spear
              (10 damage)
             ... on level 3 of the Dungeon.
             The game lasted 00:04:58 (2274 turns).

Dirtsage the Insei (Octopode Shapeshifter)          Turns: 2274, Time: 00:05:00

Health: 0/34       AC:  1    Str: 13    XL:     5   Next: 20%
Magic:  5/5        EV: 13    Int: 13    God:
Gold:   143        SH:  0    Dex: 13    Spells: 4/4 levels left

rFire   + .          .
                       - Unarmed
rCold   . . .        (no shield)
rNeg    . . .        (helmet currently unavailable)
rPois   .            (no amulet)
rElec   .            F - ring of protection from fire
rCorr   .            (no ring)
SInv    .            (no ring)
Will    .....        (no ring)
Stlth   ++           (no ring)
HPRegen 0.25/turn    (no ring)
MPRegen 0.09/turn    (no ring)
                     (no ring)

%: no passive effects
@: beast-form
A: beast (slay +2), almost no armour, amphibious, 8 rings, camouflage 1,
gelatinous body 1, (nimble swimmer 1), tentacles
a: Begin Untransformation


You were on level 3 of the Dungeon.
You were a hulking beast.
You visited 1 branch of the dungeon, and saw 3 of its levels.

You collected 143 gold pieces.

Inventory:

Jewellery
 F - a ring of protection from fire (left tentacle)
Talismans
 b - a beast talisman
 c - a flux talisman
 k - a blade talisman
Scrolls
 d - a scroll of silence {unknown}
 f - a scroll of teleportation {unknown}
 h - a scroll of torment {unknown}
 i - a scroll of enchant armour {unknown}
 j - 2 scrolls of identify {unknown}
Potions
 a - 3 potions of lignification
 e - a potion of heal wounds {unknown}


   Skills:
 + Level 2.1 Fighting
 - Level 2.0 Dodging
 * Level 4.3 Unarmed Combat
 * Level 4.1 Shapeshifting


You had 4 spell levels left.
You didn't know any spells.
Your spell library contained the following spells:

 Spells                   Type           Power      Damage    Failure   Level
 Foxfire                  Conj/Fire      0%         2x1d4     30%         1
 Ignite Poison            Fire/Tmut/Pois 0%         N/A       67%         3
 Inner Flame              Hex/Fire       0%         N/A       67%         3
 Anguish                  Hex/Necr       0%         N/A       97%         4
 Flame Wave               Conj/Fire      0%         2d4       97%         4
 Sticky Flame             Conj/Fire      0%         2d3       97%         4
 Plasma Beam              Fire/Air       0%         2x1d10    100%        6
 Starburst                Conj/Fire      0%         6d3       100%        6
 Borgnjor's Revivificati  Necr           0%         N/A       100%        8


Dungeon Overview and Level Annotations

Branches:
Dungeon (3/15)

Altars:
Qazlal


Innate Abilities, Weirdness & Mutations

You are a hulking beast.
Your limbs bulge with bestial killing power. (Slay +2)
You cannot wear most types of armour.
You are amphibious.
You can wear up to eight rings at the same time.
Your skin changes colour to match your surroundings (Stealth+).
Your rubbery body absorbs attacks. (AC +1, EV +1)
((You are camouflaged when in or above water. (Stealth+)))
You have tentacles for arms and can constrict up to eight enemies at once.


Message History

Okay, then.
You miss the gnoll sergeant. You grab the gnoll sergeant.
You constrict the gnoll sergeant, but do no damage.
You tentacle-slap the gnoll sergeant but do no damage.
You constrict the gnoll sergeant, but do no damage.
The gnoll sergeant closely misses you.
The gnoll shouts!
You tentacle-slap the gnoll sergeant. You squeeze the gnoll sergeant!
The gnoll sergeant is moderately wounded.
You constrict the gnoll sergeant, but do no damage.
The gnoll sergeant hits you with a +1 heavy spear!
You take 7 damage, and have 18/34 hp.
MASSIVE DAMAGE!!
You tentacle-slap the gnoll sergeant but do no damage.
You squeeze the gnoll sergeant, but do no damage.
The gnoll sergeant is moderately wounded.
You constrict the gnoll sergeant, but do no damage.
The gnoll misses you.
You tentacle-slap the gnoll sergeant.
The gnoll sergeant is heavily wounded.
You constrict the gnoll sergeant. The gnoll misses you.
The gnoll sergeant hits you with a +1 heavy spear!
* * * LOW HITPOINT WARNING * * *
You take 9 damage, and have 9/34 hp.
MASSIVE DAMAGE!!
You tentacle-slap the gnoll sergeant.
The gnoll sergeant is severely wounded.
You constrict the gnoll sergeant, but do no damage.
The gnoll hits you from afar with a +0 spear.
* * * LOW HITPOINT WARNING * * *
You take 2 damage, and have 7/34 hp.
You tentacle-slap the gnoll sergeant.
The gnoll sergeant is almost dead.
You constrict the gnoll sergeant.
The gnoll sergeant completely misses you.
The gnoll hits you from afar with a +0 spear.
* * * LOW HITPOINT WARNING * * *
You take 5 damage, and have 2/34 hp.
It was a potion of curing.
You feel better.
You constrict the gnoll sergeant, but do no damage.
The gnoll sergeant hits you with a +1 heavy spear!
You die...

#.....<......_......##.###.#
#..................##...##.#
#..g.....###...###....#.#..##
##........#E#...#E#..........#
..........###...###..........#
##........#...#..............#
#............####..[........#
###.##......######......)...#
##.###..##.gggh...#..#)#####
##..###.#########<....#)## #####
##.......# ##[.......###....
.....##..# ##..........##....
.....##..## #............#....
....##....######............#....
....##.##(.......................
.......##########......<.>.##.>..
....#### #....#......#....


You could see a gnoll sergeant and 2 gnolls.

Vanquished Creatures
  Jessica (D:2)
  3 gnolls
  An adder (D:2)
  2 worms (D:2)
  2 dart slugs
  An orc (D:3)
  5 endoplasms (D:3)
  3 giant cockroaches
  5 goblins
  5 hobgoblins
  6 jackals
  4 quokkas
  8 ball pythons
  4 bats
  4 frilled lizards
  4 kobolds
  3 rats
61 creatures vanquished.

Notes
Turn   | Place    | Note
-------+----------+-------------------------------------------
     0 | D:1      | Dirtsage the Octopode Shapeshifter began the quest for the
                  | Orb.
     0 | D:1      | Reached XP level 1. HP: 13/13 MP: 1/1
   142 | D:1      | Reached XP level 2. HP: 16/18 MP: 2/2
   655 | D:2      | Identified the "Noxecvuss"
   670 | D:2      | Reached XP level 3. HP: 14/23 MP: 3/3
   966 | D:2      | Noticed Jessica
   974 | D:2      | Killed Jessica
   975 | D:2      | Reached XP level 4. HP: 9/29 MP: 4/4
  1608 | D:3      | Found a stormy altar of Qazlal.
  1613 | D:3      | Noticed a fire elemental
  1801 | D:3      | Noticed an air elemental
  1801 | D:3      | Noticed an earth elemental
  1801 | D:3      | Noticed a water elemental
  1996 | D:3      | Reached XP level 5. HP: 34/34 MP: 5/5
  2274 | D:3      | Slain by a gnoll sergeant

Illustrated notes

Levels and vault maps discovered:
D:1:      mainiacjoe_arrival_oval_in_oval, layout_loops_cross,
          amcnicky_mini_pool_small
D:2:      layout_basic, minmay_crystal_water, st_stairs_6, kennysheep_boxes,
          uniq_jessica, uniq_natasha
D:3:      layout_rooms, nicolae_qazlal_style_of_elements

Skill      XL: |  1  2  3  4 |
---------------+-------------+-----
Unarmed Combat | 4 |  4.3
Fighting       | 2 |  2.1
Shapeshifting  | 4 |  4.1
Dodging        | |  2.0

Action                     |  1- 3 |  4- 6 || total
---------------------------+-------+-------++-------
  Melee: Unarmed           |    54 |    60 ||   114
         Constrict         |    16 |    16 ||    32
         Tentacles         |    11 |    17 ||    28
         Punch             |     1 |     2 ||     3
    Use: Potion            |       |     1 ||     1
   Stab: Sleeping          |     7 |     7 ||    14
 Armour: Skin              |    21 |    26 ||    47
  Dodge: Dodged            |    48 |    28 ||    76

Table legend: (Time is in decaauts)
 A = Elapsed time spent in this place.
 B = Non-inter-level travel time spent in this place.
 C = Inter-level travel time spent in this place.
 D = Time resting spent in this place.
 E = Time spent auto-exploring this place.
 F = Levels seen in this place.
 G = Mean time per level.
                   A        B        C        D        E       F      G
               +--------+--------+--------+--------+--------+-----+--------+
         Total |   2266 |   2165 |    101 |    114 |   1652 |   3 |  755.3 |
       Dungeon |   2266 |   2165 |    101 |    114 |   1652 |   3 |  755.3 |
               +--------+--------+--------+--------+--------+-----+--------+

Top non-repeatable levels by time:
     D:2: 991 daAuts
     D:1: 653 daAuts
     D:3: 621 daAuts
